 Dungeon Crawl Stone Soup version 0.31.0-9-g3a7656b989 (webtiles) character file.

Game seed: 8412126259176744333

310 Colgate the Poker (level 6, 41/47 HPs)
             Began as a Demonspawn Cinder Acolyte on Jan 29, 2024.
             Was a High Priest of Ignis.
             Quit the game on level 4 of the Dungeon.
             The game lasted 00:14:10 (3843 turns).

Colgate the Poker (Demonspawn Cinder Acolyte)       Turns: 3843, Time: 00:14:11

Health: 41/47      AC: 14    Str: 20    XL:     6   Next: 17%
Magic:  4/9        EV: 11    Int: 16    God:    Ignis [*****.]
Gold:   206        SH:  0    Dex:  9    Spells: 7/9 levels left

rFire   + . .        a - +1 spear (flame)
rCold   + + .        (no shield)
rNeg    . . .        c - +0 leather armour
rPois   .            g - +0 helmet
rElec   .            n - scarf {rC+ rF+}
rCorr   .            (no gloves)
SInv    .            (no boots)
Will    .....        (no amulet)
Stlth   +            h - +6 ring of strength
HPRegen 0.27/turn    k - ring of ice
MPRegen 0.11/turn

%: no passive effects
@: fiery-armoured
A: icy blue scales 2, spiny 1, weakness stinger 1
a: Renounce Religion, Fiery Armour, Foxfire Swarm, Rising Flame


You were on level 4 of the Dungeon.
You worshipped Ignis.
Ignis was extremely pleased with you.
You visited 1 branch of the dungeon, and saw 4 of its levels.

You collected 206 gold pieces.

Inventory:

Hand Weapons
 a - a +1 spear of flaming (weapon)
 b - a +0 morningstar
 l - a +4 dagger
Missiles
 m - 3 boomerangs
 t - an atropa-tipped dart
 v - a throwing net {!f}
Armour
 c - a +0 leather armour (worn)
 g - a +0 helmet (worn)
 n - a scarf of resistance (worn)
 u - a +0 robe
Magical Staves
 p - a staff of death
 r - a staff of air
Jewellery
 h - a +6 ring of strength (left hand)
 k - a ring of ice (right hand)
Scrolls
 d - 3 scrolls of amnesia
 e - a scroll of vulnerability {unknown}
 f - a scroll of noise
 q - a scroll of poison {unknown}
Potions
 i - a potion of cancellation {unknown}
 j - a potion of might {unknown}
 o - 3 potions of curing {@q1}
 s - a potion of enlightenment {unknown}


   Skills:
 - Level 3.0 Fighting
 + Level 3.3 Maces & Flails
 - Level 4.6 Polearms
 - Level 2.1 Spellcasting
 - Level 3.0 Fire Magic


You had 7 spell levels left.
You knew the following spells:

 Your Spells              Type           Power      Damage    Failure   Level
a - Scorch                Fire           22%        2d5       11%         2

Your spell library contained the following spells:

 Spells                   Type           Power      Damage    Failure   Level
 Slow                     Hex            4%         N/A       24%         1
 Confusing Touch          Hex            1%         N/A       58%         3
 Sigil of Binding         Hex            1%         N/A       58%         3
 Vampiric Draining        Necr           1%         2d6       58%         3
 Leda's Liquefaction      Alch/Erth      0%         N/A       94%         4
 Lee's Rapid Deconstruct  Erth           0%         3d4*      100%        5
 Bombard                  Conj/Erth      0%         9d1       100%        6


Dungeon Overview and Level Annotations

Branches:
Dungeon (4/15)
 Temple: D:4-7

Altars:

Annotations:
D:2 HLN alttari


Innate Abilities, Weirdness & Mutations

You are mostly covered in icy blue scales. (AC +3)
You are partially covered in sharp spines.
You have a small tail.


Message History

Things that are here:
a +0 whip; a gnoll corpse You start resting.
Magic restored.
v - a throwing net {!f} No target in view!
Things that are here:
a +0 spear; a gnoll skeleton A kobold comes into view.
It is wielding a +0 club.
The kobold shouts!
You hear a shout!
An ogre comes into view. It is wielding a +0 giant spiked club.
The kobold throws a stone.
The stone misses you.
You start waiting.
A kobold is nearby!
Flames lash the kobold.
You kill the kobold!
Things that are here:
a +0 spear; a gnoll skeleton Throw: 2 darts (atropa)
Press: ? - help, Shift-Dir - straight line, f - ogre
Aim: an ogre, wielding a +0 giant spiked club (69% to hit, chance to blind on hit: 27%)
You throw an atropa-tipped dart.
The atropa-tipped dart barely misses the ogre.
Flames lash the ogre.
The ogre's fire resistance burns away.
A protective cloak of flame settles atop you.
Flames lash the ogre.
The ogre is burned terribly!
The ogre hits you with a +0 giant spiked club.
The ogre is burned terribly!
The ogre is burned by your cloak of flames.
You kill the ogre!
Your Maces & Flails skill increases to level 3!
You have reached level 6!
Your demonic ancestry asserts itself...
Sharp spines emerge from parts of your body.
Unknown command.
Unknown command.
Saving game... please wait.
Welcome back, Colgate the Demonspawn Cinder Acolyte.
The flames of Ignis gently warm you.
Are you sure you want to abandon this character and quit the game? (Confirm with "yes".)

##### ##...##
##.....##
#.......##########
#.......##.......# ##
#.......##.(.....###.
##..............)....
#...@)...#..O....####
#..........).....#
#....))(#........####
##..<..#######.......
##...## #####...
##### #... #... #...
#..>


There were no monsters in sight!

Vanquished Creatures
  An ogre (D:4)
  A bombardier beetle (D:4)
  Robin (D:1)
  8 gnolls
  An adder (D:3)
  2 dart slugs
  4 ribbon worms
  3 orcs (D:3)
  4 bats
  4 endoplasms
  2 giant cockroaches
  9 goblins
  10 hobgoblins
  6 jackals (D:1)
  7 kobolds
  2 quokkas
  4 ball pythons
  4 frilled lizards
  5 rats
78 creatures vanquished.

Notes
Turn   | Place    | Note
-------+----------+-------------------------------------------
     0 | D:1      | Colgate the Demonspawn Cinder Acolyte began the quest for
                  | the Orb.
     0 | D:1      | Reached XP level 1. HP: 18/18 MP: 2/2
   172 | D:1      | Reached skill level 3 in Polearms
   232 | D:1      | Gained mutation: You are partially covered in icy blue
                  | scales. (AC +2) [demonic ancestry]
   232 | D:1      | Reached XP level 2. HP: 18/24 MP: 3/3
   235 | D:1      | Learned a level 2 spell: Scorch
   791 | D:2      | Noticed Robin
   796 | D:1      | Gained mutation: You are mostly covered in icy blue scales.
                  | (AC +3) [demonic ancestry]
   796 | D:1      | Reached XP level 3. HP: 26/29 MP: 1/4
   842 | D:1      | Killed Robin
   843 | D:1      | Reached skill level 4 in Polearms
  1363 | D:2      | Gained mutation: You have a small tail. [demonic ancestry]
  1363 | D:2      | Reached XP level 4. HP: 35/35 MP: 3/6
  1649 | D:2      | Found a faded altar of an unknown god.
  3103 | D:3      | Reached XP level 5. HP: 41/41 MP: 5/8
  3319 | D:4      | Reached skill level 1 in Maces & Flails
  3518 | D:4      | Noticed a black bear
  3800 | D:4      | Noticed an ogre
  3842 | D:4      | Killed an ogre
  3843 | D:4      | Gained mutation: You are partially covered in sharp spines.
                  | [demonic ancestry]
  3843 | D:4      | Reached XP level 6. HP: 41/47 MP: 4/9
  3843 | D:4      | Quit the game

Illustrated notes

Levels and vault maps discovered:
D:1:      sevenhm_arrival_forest_fort_small_5, layout_rooms,
          hangedman_decor_clover_reticule
D:2:      layout_basic, shapermc_ecumenical_altar_gd, minmay_ruptured,
          uniq_robin
D:3:      layout_loops_ring
D:4:      layout_rooms, mainiacjoe_overflow_catwalk,
          mainiacjoe_overflow_six_doors_small, corexii_item_surrounded_by_moat,
          minmay_misc_feat_chi

Skill      XL: |  1  2  3  4  5 |
---------------+----------------+-----
Polearms       | 3 4 |  4.6
Fire Magic     | 3 |  3.0
Spellcasting   | 2 |  2.1
Maces & Flails | 3 |  3.3
Fighting       | |  3.0

Action                     |  1- 3 |  4- 6 || total
---------------------------+-------+-------++-------
  Melee: Spear             |   122 |    34 ||   156
  Throw: Dart              |       |     1 ||     1
   Cast: Scorch            |    18 |    45 ||    63
 Invoke: Fiery Armour      |       |     1 ||     1
    Use: Scroll            |     1 |     2 ||     3
 Armour: Leather armour    |    66 |    18 ||    84
  Dodge: Dodged            |    55 |    15 ||    70
